 Dungeon Crawl Stone Soup version 0.23-a0-183-gf37f6fb (webtiles) character file.

977 Felrender the Slasher (level 7, -2/54 HPs)
             Began as a Demonspawn Fighter on Sept 22, 2018.
             Was an Initiate of Qazlal.
             Splashed by a jelly's acid (9 damage)
             ... on level 6 of the Dungeon.
             The game lasted 00:11:37 (5377 turns).

Felrender the Slasher (Demonspawn Fighter)          Turns: 5377, Time: 00:11:38

Health: -2/54      AC: -6    Str: 16    XL:     7   Next: 95%
Magic:  7/7        EV: 12    Int: 10    God:    Qazlal [......]
Gold:   230        SH:  9    Dex: 14    Spells: 6/6 levels left

rFire    . . .     SeeInvis .   a - +1 long sword
rCold    . . .     Gourm    .   c - +0 shield
rNeg     . . .     Faith    .   m - +0 chain mail
rPois    +         Spirit   .   (no helmet)
rElec    .         Reflect  .   q - scarf {repulsion}
rCorr    .         Harm     .   (no gloves)
MR       .....                  (no boots)
Stlth    ..........             h - amulet of rage
HPRegen  0.18/turn              j - +4 ring of evasion
MPRegen  0.10/turn              k - ring of poison resistance

@: corroded, repel missiles
A: talons 2, repulsion field 2
a: Renounce Religion, Evoke Berserk Rage


You were on level 6 of the Dungeon.
You worshipped Qazlal.
Qazlal was noncommittal.
You were not hungry.

You visited 2 branches of the dungeon, and saw 7 of its levels.

You collected 230 gold pieces.

Inventory:

Hand Weapons
 a - a +1 long sword (weapon)
 p - a +0 hand crossbow
Armour
 c - a +0 shield (worn)
 m - a +0 chain mail (worn)
 q - a scarf of repulsion (worn)
Jewellery
 h - an amulet of rage (around neck)
 j - a +4 ring of evasion (left hand)
 k - a ring of poison resistance (right hand)
Wands
 r - a wand of clouds (7)
Scrolls
 b - 3 scrolls of remove curse
 t - a scroll of teleportation
Potions
 d - a potion of might
 e - 2 potions of lignification
 g - 2 potions of mutation
 i - a potion of curing {unknown}
 l - a potion of haste
 n - a potion of brilliance {unknown}
 s - a potion of resistance
 u - a potion of ambrosia {unknown}
 v - a potion of invisibility {unknown}
Comestibles
 f - 8 rations


   Skills:
 + Level 4.2 Fighting
 * Level 6.0 Long Blades
 + Level 3.8 Armour
 + Level 1.0 Dodging
 + Level 0.2 Stealth
 + Level 3.9 Shields
 * Level 2.8 Unarmed Combat


You had 6 spell levels left.
You didn't know any spells.
Your spell library was empty.

Dungeon Overview and Level Annotations

Branches:
Dungeon (6/15)             Temple (1/1) D:5

Altars:
Ashenzari
Dithmenos
Fedhas
Gozag
Hepliaklqana
Kikubaaqudgha
Okawaru
Qazlal
Ru
Sif Muna
Uskayaw
Vehumet
Xom
Yredelemnul
Zin
The Shining One


Innate Abilities, Weirdness & Mutations

You have razor-sharp toenails.
You are surrounded by a moderate repulsion field. (EV +3)


Message History

Your chain mail prevents you from hitting the jelly.
You claw the jelly, but do no damage.
The jelly is severely wounded.
You block the jelly's attack.
You hit the jelly but do no damage.
Your hands burn!
You claw the jelly, but do no damage.
The jelly is severely wounded.
You block the jelly's attack.
You hit the jelly but do no damage.
Your hands burn!
* * * LOW HITPOINT WARNING * * *
You claw the jelly.
The jelly is almost dead.
The jelly hits you.
* * * LOW HITPOINT WARNING * * *
The acid corrodes you!
You are splashed with acid!
The acid burns!
* * * LOW HITPOINT WARNING * * *
The jelly hits you.
* * * LOW HITPOINT WARNING * * *
You are splashed with acid!
The acid burns!
You die...

#....####.#### ...
....#....#... ... ...
#....#... #.# #.
#.##.#### #######.#..
##.##.# # #...#...#.
#...#.. # #...#....
....#...#... #
#..##..J#.....#...#... #
#..####@#.....#...#....#
#..#..........#..## #
##..#..........#..####
#...'..........+.....#
#...#..........#.....+
#####..........#+##.#####
#.....#####......#.##..#
#.....#...#......#.....#
#.....#...#......#.....#


You could see a jelly.

Vanquished Creatures
  A sky beast (D:6)
  An ice beast (D:6)
  A phantom (D:5)
  A centaur (D:5)
  2 scorpions
  3 jellies (D:6)
  2 crimson imps (D:5)
  A hound (D:5)
  A centaur skeleton (D:3)
  2 worker ants (D:6)
  3 gnolls (D:3)
  5 adders
  2 river rats (D:5)
  A shadow imp (D:5)
  An ooze (D:1)
  2 worms (D:5)
  3 dart slugs
  6 leopard geckos
  12 orcs
  7 bats
  8 giant cockroaches
  11 hobgoblins
  4 kobolds
  3 quokkas
  A ball python (D:1)
  9 frilled lizards
  9 goblins
  A jackal skeleton (D:4)
  13 rats
116 creatures vanquished.

Notes
Turn   | Place    | Note
-------+----------+-------------------------------------------
     0 | D:1      | Felrender the Demonspawn Fighter began the quest for the
                  | Orb.
     0 | D:1      | Reached XP level 1. HP: 18/18 MP: 1/1
   101 | D:1      | Gained mutation: You have sharp toenails. [demonic
                  | ancestry]
   101 | D:1      | Reached XP level 2. HP: 20/24 MP: 2/2
   122 | D:1      | Reached skill level 2 in Long Blades
   464 | D:1      | Reached XP level 3. HP: 28/29 MP: 3/3
   856 | D:2      | Reached skill level 1 in Unarmed Combat
   934 | D:2      | Gained mutation: You are surrounded by a mild repulsion
                  | field. (EV +2) [demonic ancestry]
   934 | D:2      | Reached XP level 4. HP: 35/35 MP: 4/4
  1159 | D:2      | Reached skill level 3 in Long Blades
  1694 | D:3      | Gained mutation: You are surrounded by a moderate repulsion
                  | field. (EV +3) [demonic ancestry]
  1694 | D:3      | Reached XP level 5. HP: 41/41 MP: 5/5
  2242 | D:4      | Reached skill level 4 in Long Blades
  2761 | D:5      | Entered Level 5 of the Dungeon
  2836 | D:5      | Reached XP level 6. HP: 42/47 MP: 6/6
  2990 | D:5      | Reached skill level 5 in Long Blades
  3025 | D:5      | Gained mutation: You have razor-sharp toenails. [demonic
                  | ancestry]
  3025 | D:5      | Reached XP level 7. HP: 53/53 MP: 7/7
  3106 | D:5      | Found a staircase to the Ecumenical Temple.
  3451 | D:5      | Found a glowing drain.
  3885 | Temple   | Entered the Ecumenical Temple
  4076 | Temple   | Became a worshipper of Qazlal Stormbringer
  5148 | D:6      | Reached skill level 6 in Long Blades
  5282 | D:6      | Reached skill level 1 in Dodging
  5377 | D:6      | Splashed by a jelly's acid

Vault maps used:
D:1:      mushboom_english_gardens
D:3:      hex_large
D:5:      minmay_temple_entry_junction, first_ration, gup_sewer_entry_bubbles
D:6:      serial_bayou_pond_d
Temple:   nicolae_temple_elliptical

Skill      XL: |  1  2  3  4  5  6  7 |
---------------+----------------------+-----
Long Blades    | 2 3 4 5 6 |  6.0
Shields        | 3 |  3.9
Unarmed Combat | 1 2 |  2.8
Armour         | 3 |  3.8
Fighting       | 4 |  4.2
Dodging        | 1 |  1.0
Stealth        | |  0.2

Action                   |  1- 3 |  4- 6 |  7- 9 || total
-------------------------+-------+-------+-------++-------
Melee: Long sword        |    90 |   145 |   103 ||   338
       Kick              |    15 |    42 |    42 ||    99
  Use: Scroll            |     7 |     4 |     3 ||    14
  Eat: Chunk             |       |     7 |     4 ||    11
       Ration            |       |       |     1 ||     1
Armor: Scale mail        |    42 |       |       ||    42
       Chain mail        |       |    46 |    18 ||    64
Dodge: Dodged            |    28 |    39 |    43 ||   110
Block: Shield            |    40 |    67 |    36 ||   143
       Rpst.: Long sword |    13 |    18 |    14 ||    45

Table legend:
 A = Non-vault XP
 B = Vault XP
 C = Vault XP percentage of total XP
 D = Non-vault monster count
 E = Vault monster count
 F = Vault count percentage of total count
                 A         B        C        D         E       F
            +---------+---------+-------+---------+---------+-------
      Total |    1347 |      49 |   3.5 |     110 |       6 |   5.2
            +---------+---------+-------+---------+---------+-------
        D:1 |      57 |       0 |   0.0 |      33 |       0 |   0.0
        D:2 |      56 |       0 |   0.0 |      25 |       0 |   0.0
        D:3 |     129 |       0 |   0.0 |      20 |       0 |   0.0
        D:4 |     101 |       0 |   0.0 |       8 |       0 |   0.0
        D:5 |     470 |      49 |   9.4 |      11 |       6 |  35.3
        D:6 |     534 |       0 |   0.0 |      13 |       0 |   0.0
            +---------+---------+-------+---------+---------+-------
